AoeStats
← 騷護士

Pilgrims

509870333Analyzed
4v4 RM · 5d ago on Sep 28, 2026· 22m 2s· 8 players
Game mode
Random Map
Map size
Large (8 player)
Population
200
Speed
Normal
Resources
Standard
Victory
Conquest
Starting age
Dark Age
Ending age
Imperial Age
RankedLock teamsTeams togetherTeam positionsShared explorationLock speedFull tech treeHidden civsTurbo modeCheats
Victory
Defeat
🇹🇼 Malay · Taiwan
1535
+9
🇨🇳 Wu · China
1435
+13
🇭🇰 Varangians · Hong Kong SAR China
1377
+15
🇦🇺 Koreans · Australia
1371
+15
🇨🇳 Vietnamese · China
1414
-15
🇨🇳 Persians · China
1369
-13
🇨🇳 Varangians · China
1336
-12
🇨🇳 Danes · China
1326
-12
The Long Dark
12:07 Feudal Age
16:50 Castle Age
14:50 Double-Bit Axe
16:27 Fletching
17:08 Padded Archer Armor
17:16 Gold Mining
17:54 Bow Saw
20:14 Clinker Construction
20:25 Ballistics
蕾开丝滑
4:10 Loom
12:13 Feudal Age
13:27 Double-Bit Axe
13:23 Horse Collar
17:40 Castle Age
19:17 Bow Saw
19:38 Heavy Plow
19:45 Fishing Lines
半时
5:14 Loom
11:27 Feudal Age
15:33 Castle Age
13:20 Horse Collar
13:33 Double-Bit Axe
16:19 Bow Saw
16:24 Heavy Plow
chenst2020
3:46 Loom
10:43 Feudal Age
11:22 Double-Bit Axe
11:30 Gold Mining
13:07 Wheelbarrow
12:47 Fletching
18:46 Castle Age
19:47 Medium Warships
19:33 Bodkin Arrow
kinwaleung18
12:00 Feudal Age
13:29 Double-Bit Axe
13:32 Fishing Lines
16:14 Castle Age
14:36 Bloodlines
15:59 Scale Barding Armor
16:04 Forging
16:11 Loom
17:31 Bow Saw
17:14 Gold Mining
17:58 Chain Barding Armor
20:54 Wheelbarrow
20:51 Husbandry
騷護士
2:57 Loom
3:18 Loom
11:34 Feudal Age
11:42 Fishing Lines
11:52 Double-Bit Axe
18:14 Castle Age
18:13 Medium Warships
19:22 Fletching
19:48 Bow Saw
21:04 Bodkin Arrow
直接肘
10:02 Feudal Age
10:37 Double-Bit Axe
10:44 Gold Mining
12:05 Wheelbarrow
11:18 Fishing Lines
12:59 Loom
17:20 Castle Age
15:02 Horse Collar
15:12 Stone Mining
18:14 Bow Saw
18:37 Medium Warships
20:05 Gold Shaft Mining
20:28 Heavy Plow
21:06 Stone Shaft Mining
20:42 Gillnets
22:51 Hand Cart
Nørthlane
5:49 Loom
9:21 Feudal Age
15:33 Castle Age
15:00 Double-Bit Axe
17:25 Bow Saw
19:16 Fletching
21:56 Horse Collar
Connection lost

Rejoining the realm…

Still unreachable

The connection could not be restored.

Session expired

The server has moved on; the page needs a fresh start.